[Event "Titled Tuesday Blitz July 27 2021"]
[White "Najdin, Danil"]
[Black "Mekhitarian, Krikor Sevag"]
[WhiteFideId "4172426"]
[BlackFideId "2107660"]
[WhiteElo "2506"]
[BlackElo "2756"]
[Result "0-1"]
[Round "08"]
[TimeControl "180+1"]
[Date "2021.07.27"]
[WhiteClock "0:00:01"]
[BlackClock "0:00:03"]

1. e4 c5 2. Nf3 e6 3. d4 cxd4 4. Nxd4 Nc6 5. Nxc6 bxc6 6. Bd3 d5 7. O-O Qc7 8. Qe2 Bd6 9. f4 Ne7 10. Nd2 O-O 11. b3 Bxf4 12. Bb2 Bxh2+ 13. Kh1 Be5 14. c3 Ng6 15. exd5 exd5 16. Rae1 Bg3 17. Rd1 Nf4 18. Qf3 Nxd3 19. Qxd3 Bg4 20. Nf3 Qd6 21. Bc1 Bf4 22. c4 Qh6+ 23. Kg1 Bxc1 24. Rxc1 Rad8 25. Ne5 dxc4 26. Qxc4 Qe3+ 27. Kh1 Qxe5 28. Qxg4 Rd4 29. Qh3 Qe7 30. Kg1 c5 31. Rf5 Rd2 32. Rfxc5 Rxa2 33. Rc7 Qg5 34. Qf3 g6 35. Rf1 f6 36. Rb7 Kh8 37. Qc3 h5 0-1


[Site "https://www.chess.com"]

[Event "Titled Tuesday Blitz July 27 2021"]
[White "Nakamura, Hikaru"]
[Black "Le, Tuan Minh"]
[WhiteFideId "2016192"]
[BlackFideId "12401153"]
[WhiteElo "2900"]
[BlackElo "2450"]
[Result "1-0"]
[Round "08"]
[TimeControl "180+1"]
[Date "2021.07.27"]
[WhiteClock "0:00:04"]
[BlackClock "0:00:01"]

1. Nf3 d5 2. e3 Nf6 3. c4 c6 4. d4 Bg4 5. h3 Bxf3 6. Qxf3 e6 7. Nc3 Nbd7 8. Bd3 Bd6 9. O-O O-O 10. Rd1 Qe7 11. Qe2 Rfd8 12. Bd2 Rac8 13. c5 Bc7 14. f4 g6 15. b4 a6 16. a4 Ra8 17. b5 a5 18. b6 Bb8 19. g4 Nxc5 20. dxc5 Qxc5 21. Rdc1 Qxb6 22. Rab1 Qc7 23. Qf3 Qe7 24. Ne2 e5 25. fxe5 Bxe5 26. Be1 Ne4 27. h4 Rd7 28. Kg2 Nc5 29. Bc2 Bg7 30. h5 Ne6 31. Bd3 Nc5 32. Bc2 Ne6 33. Nf4 Ng5 34. Qe2 Re8 35. Bxa5 d4 36. Rf1 dxe3 37. hxg6 hxg6 38. Be1 Rd4 39. Rd1 Rxd1 40. Bxd1 Qe4+ 41. Kg1 Be5 42. Ng2 Kg7 43. Bh4 Nh3+ 44. Kh1 Rh8 45. Bb3 Nf2+ 46. Kg1 Bd4 47. Qc4 Qf3 48. Qxd4+ Kg8 49. Qxe3 Nh3+ 50. Kh2 Qxf1 51. Qxh3 Qa6 52. Qe3 1-0


[Site "https://www.chess.com"]

[Event "Titled Tuesday Blitz July 27 2021"]
[White "Nesterov, Arseniy"]
[Black "Gasanov, Zaur"]
[WhiteFideId "24198455"]
[BlackFideId "34125970"]
[WhiteElo "2835"]
[BlackElo "2607"]
[Result "1-0"]
[Round "08"]
[TimeControl "180+1"]
[Date "2021.07.27"]
[WhiteClock "0:02:34"]
[BlackClock "0:01:08"]

1. d4 Nf6 2. c4 g6 3. Nc3 d5 4. cxd5 Nxd5 5. e4 Nxc3 6. bxc3 Bg7 7. Qa4+ Nd7 8. Nf3 O-O 9. Be2 c5 10. O-O Nb6 11. Qa3 cxd4 12. cxd4 Bg4 13. Rd1 Bxf3 14. gxf3 Bxd4 15. Bg5 Bxa1 16. Rxd8 Rfxd8 17. Qxe7 Rd7 18. Qa3 Bd4 19. Bb5 Rc7 20. Qd6 Rc5 21. h4 Bxf2+ 22. Kxf2 Rxb5 23. Qd4 f6 24. Qxf6 Rf8 25. Qe6+ Kg7 26. Qe7+ Rf7 27. Bf6+ Kg8 28. Qe8+ Rf8 29. Qxb5 Rxf6 30. a4 Rc6 31. a5 Nc4 32. Qxb7 1-0


[Site "https://www.chess.com"]

[Event "Titled Tuesday Blitz July 27 2021"]
[White "Obregon, Andres Carlos"]
[Black "Oparin, Grigoriy"]
[WhiteFideId "111724"]
[BlackFideId "24125890"]
[WhiteElo "2572"]
[BlackElo "2628"]
[Result "1/2-1/2"]
[Round "08"]
[TimeControl "180+1"]
[Date "2021.07.27"]
[WhiteClock "0:00:07"]
[BlackClock "0:00:20"]

1. d4 Nf6 2. Bg5 e6 3. e4 h6 4. Bxf6 Qxf6 5. c3 b6 6. Nd2 Bb7 7. Bd3 Qg5 8. g3 c5 9. Ngf3 Qd8 10. O-O Be7 11. Re1 O-O 12. Qe2 cxd4 13. cxd4 Nc6 14. a3 d6 15. Ba6 Bxa6 16. Qxa6 Qc8 17. Qb5 a6 18. Qd3 Bf6 19. Nc4 Qc7 20. d5 b5 21. Rac1 bxc4 22. Rxc4 Qb7 23. dxc6 Qxb2 24. Qxd6 Rfd8 25. Qc5 Rac8 26. Kg2 Rc7 27. Rec1 Rdc8 28. Qa5 Qb5 29. Qxb5 axb5 30. Rc5 Be7 31. Rxb5 Rxc6 32. Rxc6 Rxc6 33. a4 f6 34. a5 Ra6 35. Nd4 Kf7 36. f4 e5 37. fxe5 fxe5 38. Nf3 Rd6 39. Nxe5+ Ke6 40. Nf3 Rd3 41. Rb6+ Rd6 42. Rxd6+ Bxd6 43. a6 Bc5 44. Kh3 g6 45. Kg4 Be3 46. Nh4 Kf6 47. Ng2 Ba7 48. Nf4 h5+ 49. Kf3 Bc5 50. h4 Ba7 51. Ke2 Ke5 52. Kd3 Kf6 53. Kc4 Ke5 54. Kb5 Kxe4 55. Nxg6 Kf3 56. Kc6 Kxg3 57. Kd6 Kg4 58. Ke6 Bg1 59. Kf6 Ba7 60. Ke6 Bg1 61. Kd6 Ba7 62. Ke5 Bg1 63. Ke4 Ba7 64. Kd5 Bg1 65. Ne5+ Kg3 66. Nc6 Bb6 67. Ke4 Kxh4 68. Kf3 Kh3 69. a7 Bxa7 70. Nxa7 h4 71. Nc6 Kh2 72. Ne5 Kg1 73. Ng4 h3 74. Kg3 h2 75. Nxh2 1/2-1/2


[Site "https://www.chess.com"]

[Event "Titled Tuesday Blitz July 27 2021"]
[White "Odegov, Artem"]
[Black "Osmonbekov, Talaibek"]
[WhiteFideId "34183644"]
[BlackFideId "2017253"]
[WhiteElo "2288"]
[BlackElo "2135"]
[Result "0-1"]
[Round "08"]
[TimeControl "180+1"]
[Date "2021.07.27"]
[WhiteClock "0:01:04"]
[BlackClock "0:00:33"]

1. d4 e6 2. c4 f5 3. h3 Nf6 4. g4 g6 5. gxf5 exf5 6. Nf3 Bg7 7. Nc3 O-O 8. Bg5 d6 9. Qc2 Nc6 10. O-O-O Qe8 11. Nd5 Nxd5 12. cxd5 Nb4 13. Qb3 a5 14. a3 Na6 15. Kb1 f4 16. Ka1 a4 17. Qc3 Nc5 18. Bg2 Qxe2 19. Rhe1 Qxf2 20. Rd2 Nb3+ 21. Qxb3 Qxe1+ 22. Nxe1 axb3 23. Nd3 f3 24. Bf1 f2 25. Be3 Bxh3 26. Rd1 Bxf1 27. Rxf1 Rf3 28. Nxf2 Rxe3 29. Ng4 Rg3 30. Nh2 Bxd4 31. Nf3 Rf8 32. Kb1 Rgxf3 33. Rc1 Rf1 34. a4 Be3 35. Re1 Rxe1# 0-1


[Site "https://www.chess.com"]

[Event "Titled Tuesday Blitz July 27 2021"]
[White "Omk124"]
[Black "Urazayev, Arystanbek"]
[BlackFideId "13709810"]
[WhiteElo "2584"]
[BlackElo "2321"]
[Result "0-1"]
[Round "08"]
[TimeControl "180+1"]
[Date "2021.07.27"]
[WhiteClock "0:01:51"]
[BlackClock "0:01:54"]

1. e4 c5 2. Nf3 e6 3. d4 cxd4 4. Nxd4 Nf6 5. Nc3 Nc6 6. g3 d5 7. exd5 exd5 8. Bg2 Bc5 9. Be3 Bb6 10. O-O O-O 11. h3 Re8 12. Qd2 Ne5 13. b3 Bxh3 14. Rad1 Bxg2 15. Kxg2 Rc8 16. Nf5 Ba5 17. Bd4 Bxc3 18. Bxc3 Ne4 19. Qd4 Nxc3 20. Rd3 Nb5 21. Qf4 Nxd3 22. Qg4 Qf6 23. cxd3 g6 24. Nh6+ Kg7 25. Rh1 Rc2 0-1


[Site "https://www.chess.com"]

[Event "Titled Tuesday Blitz July 27 2021"]
[White "Ovchinnikov, Vsevolod"]
[Black "Samadov, Read"]
[WhiteFideId "24176842"]
[BlackFideId "13417444"]
[WhiteElo "2376"]
[BlackElo "2084"]
[Result "1/2-1/2"]
[Round "08"]
[TimeControl "180+1"]
[Date "2021.07.27"]
[WhiteClock "0:00:18"]
[BlackClock "0:00:15"]

1. d4 Nf6 2. c4 e6 3. g3 c5 4. d5 exd5 5. cxd5 d6 6. Nc3 g6 7. Bg2 Bg7 8. Nf3 O-O 9. O-O Re8 10. Bf4 a6 11. a4 Nh5 12. Bg5 Qb6 13. Qc1 Nd7 14. Nd2 Ne5 15. h3 Nf6 16. Qc2 Qc7 17. a5 Rb8 18. e4 b5 19. axb6 Rxb6 20. Be3 Rb4 21. b3 a5 22. f4 Ned7 23. Ra3 Nb6 24. Bf2 c4 25. Na2 Nfd7 26. Nxc4 Rb5 27. Rc1 Nc5 28. Nd2 Bd7 29. Nc3 Rb4 30. Nd1 Rc8 31. Rxa5 Nxd5 32. Rxc5 dxc5 33. exd5 Bd4 34. Bxd4 Rxd4 35. Nc4 Bf5 36. Qb2 Qe7 37. Nde3 Be4 38. Re1 Re8 39. d6 Qd7 40. Qc1 Bxg2 41. Nxg2 Rxe1+ 42. Qxe1 Qxh3 43. Kf2 Qf5 44. Nge3 Qe4 45. Ng4 Qc2+ 46. Qe2 Qxb3 47. Nge5 Qb8 48. d7 Qd8 49. Ne3 f6 50. Nc6 Qxd7 51. Nxd4 Qxd4 52. Qc4+ Kg7 53. Qxd4 cxd4 54. Nc2 g5 55. f5 d3 56. Nb4 Kf7 57. Nxd3 Ke7 58. Ke3 Kd6 59. Kd4 h5 60. Nf2 Kd7 61. Ne4 Ke7 62. Kd5 h4 63. g4 h3 64. Nf2 h2 65. Ke4 Kd6 66. Kf3 Ke5 67. Kg2 Kf4 68. Kxh2 Kf3 69. Kg1 Kg3 70. Kf1 Kf3 71. Ke1 Ke3 72. Nh3 Kf3 73. Nf2 Ke3 74. Kf1 Kf3 75. Kg1 Kg3 76. Ne4+ Kxg4 77. Nd6 Kf4 78. Kf2 Ke5 79. Nc4+ Kxf5 80. Kf3 g4+ 81. Kg3 Kg5 82. Ne3 f5 83. Nxg4 fxg4 84. Kg2 Kf4 85. Kf2 Kf5 86. Kg3 Kg5 87. Kg2 Kh4 88. Kh2 g3+ 89. Kg2 Kg4 90. Kg1 Kf3 91. Kf1 Kf4 92. Kg2 Kg4 93. Kg1 Kg5 94. Kg2 Kf4 95. Kg1 Kf3 96. Kf1 g2+ 97. Kg1 Kg3 1/2-1/2


[Site "https://www.chess.com"]

[Event "Titled Tuesday Blitz July 27 2021"]
[White "Palchuk, Andrii"]
[Black "Stribuk, Artiom"]
[WhiteFideId "14176688"]
[BlackFideId "13515659"]
[WhiteElo "2284"]
[BlackElo "2224"]
[Result "1-0"]
[Round "08"]
[TimeControl "180+1"]
[Date "2021.07.27"]
[WhiteClock "0:00:17"]
[BlackClock "0:00:05"]

1. e4 c5 2. Nf3 Nc6 3. c3 Nf6 4. e5 Nd5 5. d4 cxd4 6. cxd4 e6 7. Nc3 d6 8. exd6 Bxd6 9. Bd3 Nf6 10. O-O O-O 11. Bg5 b6 12. Rc1 Bb7 13. Re1 Rc8 14. a3 Ne7 15. Bxf6 gxf6 16. Ne4 Bxe4 17. Rxe4 Ng6 18. Rxc8 Qxc8 19. h4 Rd8 20. h5 Nf4 21. g3 Nxd3 22. Rg4+ Kh8 23. Qxd3 f5 24. Rh4 Qc1+ 25. Kg2 Rg8 26. d5 Qxb2 27. Rh3 Bc5 28. dxe6 Qxf2+ 29. Kh1 Rxg3 30. Qd8+ Kg7 31. h6+ Kg6 32. Ne5# 1-0


[Site "https://www.chess.com"]

[Event "Titled Tuesday Blitz July 27 2021"]
[White "Perez Gormaz, Matias"]
[Black "Lodici, Lorenzo"]
[WhiteFideId "3406342"]
[BlackFideId "884189"]
[WhiteElo "2414"]
[BlackElo "2265"]
[Result "1/2-1/2"]
[Round "08"]
[TimeControl "180+1"]
[Date "2021.07.27"]
[WhiteClock "0:00:06"]
[BlackClock "0:00:30"]

1. e4 c6 2. d4 d5 3. e5 c5 4. Nf3 Nc6 5. dxc5 Bg4 6. Bb5 Qa5+ 7. Nc3 e6 8. Be3 Ne7 9. a3 a6 10. b4 Qc7 11. Ba4 Bxf3 12. gxf3 Qxe5 13. Qd4 Qxd4 14. Bxd4 O-O-O 15. Ne2 Nxd4 16. Nxd4 g6 17. O-O-O Bg7 18. Rhe1 Kc7 19. Rxe6 Bh6+ 20. Re3 Nc6 21. Bxc6 bxc6 22. Re1 Rhe8 23. Kd2 Re5 24. Kd3 Bxe3 25. fxe3 Rh5 26. Re2 Re8 27. c4 dxc4+ 28. Kxc4 Rhe5 29. Kd3 f5 30. f4 Rd5 31. h4 a5 32. h5 axb4 33. axb4 g5 34. fxg5 f4 35. g6 Rxh5 36. gxh7 Rh3 37. h8=Q Rexh8 38. Ne6+ Kb7 39. Nxf4 Rh1 40. Ne6 Rb1 41. Kc3 Rhh1 42. Nd4 Rhc1+ 43. Rc2 Rxc2+ 44. Nxc2 Rc1 45. Kd3 Kc7 46. Nd4 Kd7 47. b5 cxb5 48. Nxb5 Rxc5 49. Nd4 Kd6 50. Ke4 Rc3 51. Nf5+ Ke6 52. Nd4+ Kd6 53. Nf5+ Ke6 54. Nd4+ Kd6 1/2-1/2


[Site "https://www.chess.com"]

[Event "Titled Tuesday Blitz July 27 2021"]
[White "Perez Ponsa, Federico"]
[Black "Goltsev, Dmitry"]
[WhiteFideId "117927"]
[BlackFideId "24176710"]
[WhiteElo "2672"]
[BlackElo "2366"]
[Result "1-0"]
[Round "08"]
[TimeControl "180+1"]
[Date "2021.07.27"]
[WhiteClock "0:00:09"]
[BlackClock "0:00:03"]

1. d4 Nf6 2. c4 e6 3. Nf3 Bb4+ 4. Nbd2 d5 5. a3 Bxd2+ 6. Bxd2 dxc4 7. e3 Ne4 8. Bxc4 Nc6 9. O-O Nxd2 10. Qxd2 O-O 11. Qc3 Ne7 12. Rac1 b6 13. Bd3 c6 14. e4 Bb7 15. Rfd1 Rc8 16. b4 Qc7 17. Bb1 Ng6 18. d5 Nf4 19. Qe3 exd5 20. e5 Ng6 21. e6 fxe6 22. Qxe6+ Qf7 23. Qh3 h6 24. Rd4 c5 25. Rg4 cxb4 26. Rd1 Ne5 27. Qxh6 Nxf3+ 28. gxf3 Qf6 29. Qh7+ Kf7 30. Re1 Qh6 31. Re7+ Kxe7 32. Rxg7+ Qxg7+ 33. Qxg7+ Rf7 34. Qe5+ Kf8 35. Bg6 Rg7 36. Qf6+ Kg8 37. axb4 d4 38. Qe6+ Kh8 39. Qh3+ Kg8 40. Qe6+ Kh8 41. f4 Rc6 42. Qe8+ Rg8 43. Qe5+ Rg7 44. Qh5+ Kg8 45. Qd5+ Kh8 46. Qd8+ Rg8 47. Qh4+ Kg7 48. Qh7+ Kf6 49. Qf7# 1-0


[Site "https://www.chess.com"]

[Event "Titled Tuesday Blitz July 27 2021"]
[White "Petukhov, Dmitry"]
[Black "Golubev, Mikhail"]
[WhiteFideId "4142748"]
[BlackFideId "14100983"]
[WhiteElo "2356"]
[BlackElo "2374"]
[Result "0-1"]
[Round "08"]
[TimeControl "180+1"]
[Date "2021.07.27"]
[WhiteClock "0:00:10"]
[BlackClock "0:00:10"]

1. e4 c5 2. c3 d5 3. exd5 Nf6 4. d4 cxd4 5. Qxd4 Qxd5 6. Nf3 Nc6 7. Qxd5 Nxd5 8. Bc4 Nb6 9. Be2 e5 10. O-O f6 11. Be3 Nd5 12. Bd2 Be6 13. a3 O-O-O 14. c4 Nde7 15. Nc3 Nf5 16. Rfc1 Nfd4 17. Nxd4 Nxd4 18. Bd1 Kb8 19. b3 Nxb3 20. Bxb3 Rxd2 21. Nd5 Bc5 22. Rc2 Rd3 23. Rb1 Bxa3 24. h3 Rc8 25. Ra2 Bc5 26. Bd1 Bxd5 27. cxd5 Bd6 28. Bg4 Rc5 29. Bf5 Rdc3 30. Bxh7 Rxd5 31. Be4 Rdc5 32. Rxb7+ Kc8 33. Raxa7 Rc7 34. Bf5+ Kd8 35. Ra8+ Ke7 36. Rbb8 Rc1+ 37. Kh2 Kf7 38. h4 g6 39. Bb1 e4+ 40. g3 f5 41. Ba2+ Kg7 42. Rg8+ Kf6 43. h5 R7c2 44. Rh8 Rxf2+ 45. Kh3 Rh1# 0-1


[Site "https://www.chess.com"]

[Event "Titled Tuesday Blitz July 27 2021"]
[White "Piesik, Piotr"]
[Black "Rustemov, Alexander"]
[WhiteFideId "1136194"]
[BlackFideId "4119002"]
[WhiteElo "2354"]
[BlackElo "2802"]
[Result "0-1"]
[Round "08"]
[TimeControl "180+1"]
[Date "2021.07.27"]
[WhiteClock "0:02:45"]
[BlackClock "0:02:05"]

1. Nf3 d5 2. g3 Nf6 3. Bg2 c6 4. O-O Bf5 5. d3 e6 6. Nbd2 h6 7. Qe1 Be7 8. e4 Bh7 9. Qe2 O-O 10. b3 c5 11. Bb2 Nc6 12. Ne5 Nd4 13. Bxd4 cxd4 14. f4 Rc8 15. Rac1 Ba3 16. f5 Bxc1 17. Rxc1 exf5 18. exf5 Re8 0-1


[Site "https://www.chess.com"]

[Event "Titled Tuesday Blitz July 27 2021"]
[White "Potapova, Margarita"]
[Black "Salinas Herrera, Pablo"]
[WhiteFideId "14126869"]
[BlackFideId "3407128"]
[WhiteElo "2603"]
[BlackElo "2825"]
[Result "0-1"]
[Round "08"]
[TimeControl "180+1"]
[Date "2021.07.27"]
[WhiteClock "0:00:03"]
[BlackClock "0:00:24"]

1. d4 d5 2. c4 e6 3. Nf3 a6 4. cxd5 exd5 5. Nc3 Be6 6. Bg5 Be7 7. Bxe7 Nxe7 8. e3 O-O 9. Bd3 Nd7 10. h3 Nf6 11. O-O Bf5 12. Rc1 Bxd3 13. Qxd3 c6 14. Ne5 Nc8 15. Na4 Nd6 16. Nc5 Qe7 17. Rfe1 Rfe8 18. b3 Nfe4 19. Nxe4 Nxe4 20. Nf3 Nd6 21. Rc2 h5 22. Ne5 f6 23. Ng6 Qf7 24. h4 Re4 25. Nf4 Rae8 26. Rce2 g5 27. f3 R4e7 28. Ng6 Re6 29. hxg5 fxg5 30. Ne5 Qf5 31. e4 Qh7 32. Qe3 Qg7 33. exd5 cxd5 34. Rc2 Nf5 35. Qd3 Nxd4 36. Qxd4 Rxe5 37. Rxe5 Qxe5 38. Qxe5 Rxe5 39. Kf2 Kf7 40. g3 Re7 41. f4 gxf4 42. gxf4 Ke6 43. Kf3 Rh7 44. Re2+ Kd6 45. f5 h4 46. Kg4 h3 47. f6 h2 48. f7 Rg7+ 49. Kh3 h1=Q+ 0-1


[Site "https://www.chess.com"]

[Event "Titled Tuesday Blitz July 27 2021"]
[White "Preotu, Razvan"]
[Black "Damjanovic, Vladimir"]
[WhiteFideId "2613280"]
[BlackFideId "903795"]
[WhiteElo "2757"]
[BlackElo "2507"]
[Result "0-1"]
[Round "08"]
[TimeControl "180+1"]
[Date "2021.07.27"]
[WhiteClock "0:00:02"]
[BlackClock "0:00:03"]

1. e4 c6 2. Nc3 d5 3. Nf3 dxe4 4. Nxe4 Nf6 5. Qe2 Nxe4 6. Qxe4 Qa5 7. b4 Qf5 8. Qe3 Qe6 9. Bb2 Qxe3+ 10. fxe3 f6 11. d4 e5 12. b5 exd4 13. exd4 Bb4+ 14. Kf2 Be6 15. bxc6 bxc6 16. Bd3 Nd7 17. c4 Nb6 18. Rac1 Kf7 19. Rhd1 Rhd8 20. Ng1 Rab8 21. Ne2 Na4 22. Ba1 Ba3 23. Rc2 Nb2 24. Bxb2 Bxb2 25. Kf3 f5 26. Rb1 Ba3 27. Rxb8 Rxb8 28. Nf4 Bd7 29. c5 g5 30. Bc4+ Kf6 31. Nd3 f4 32. Ne5 Bf5 33. Rd2 Rb1 34. Nxc6 Rc1 35. Bd5 Rg1 36. g3 Bc1 37. Rf2 g4+ 38. Ke2 f3+ 39. Bxf3 gxf3+ 40. Kxf3 Re1 41. Ne5 h5 42. Re2 Rf1+ 43. Kg2 Rd1 0-1


[Site "https://www.chess.com"]

[Event "Titled Tuesday Blitz July 27 2021"]
[White "Priasmoro, Novendra"]
[Black "Wiewiora, Eneasz"]
[WhiteFideId "7105029"]
[BlackFideId "1140396"]
[WhiteElo "2309"]
[BlackElo "2312"]
[Result "0-1"]
[Round "08"]
[TimeControl "180+1"]
[Date "2021.07.27"]
[WhiteClock "0:00:52"]
[BlackClock "0:00:29"]

1. e4 d6 2. d4 Nf6 3. Nc3 e5 4. Nf3 Nbd7 5. Bc4 Be7 6. O-O O-O 7. a4 c6 8. Re1 b6 9. b3 a6 10. Bb2 Bb7 11. dxe5 dxe5 12. Nh4 b5 13. axb5 axb5 14. Bf1 Rxa1 15. Qxa1 g6 16. Nf3 Qc7 17. Qc1 Re8 18. h3 Bc5 19. Qh6 Bf8 20. Qh4 Bg7 21. Ra1 h6 22. Bc1 b4 23. Na4 g5 24. Bxg5 hxg5 25. Nxg5 Nf8 26. Bc4 Re7 27. Nc5 Qb6 28. Nd3 Ng6 29. Qg3 Qd4 30. Ra7 Qxa7 31. Nxf7 Rxf7 32. Qxg6 Bc8 33. Nxe5 Qa1+ 34. Kh2 Qxe5+ 35. f4 Qxf4+ 36. g3 Qf2+ 37. Kh1 Qf3+ 38. Kh2 Nxe4 39. Bxf7+ Qxf7 40. Qxe4 Be6 41. Qxc6 Bd5 42. Qc8+ Kh7 43. Qc5 Qf3 0-1


[Site "https://www.chess.com"]

[Event "Titled Tuesday Blitz July 27 2021"]
[White "Pridorozhni, Aleksei"]
[Black "Asadli, Vugar"]
[WhiteFideId "4127870"]
[BlackFideId "13405764"]
[WhiteElo "2565"]
[BlackElo "2386"]
[Result "1/2-1/2"]
[Round "08"]
[TimeControl "180+1"]
[Date "2021.07.27"]
[WhiteClock "0:00:14"]
[BlackClock "0:00:49"]

1. e4 c6 2. Nc3 d5 3. Qe2 d4 4. Nd1 c5 5. g3 Nc6 6. d3 e5 7. f4 Bd6 8. Nf3 Nge7 9. Bg2 f6 10. O-O Be6 11. c4 h6 12. f5 Bf7 13. g4 Qd7 14. Nf2 Rb8 15. h4 b5 16. b3 a5 17. Nh1 a4 18. Ng3 Na5 19. Bd2 Nec6 20. Rab1 axb3 21. axb3 Ke7 22. g5 hxg5 23. hxg5 Rb6 24. g6 Bg8 25. Qd1 Qb7 26. Qc2 Kd7 27. Nh2 Rh4 28. Bf3 Nb4 29. Bxb4 cxb4 30. c5 Rc6 31. Qa2 Bc7 32. Rfc1 Qa7 33. Nh5 Rxh5 34. Bxh5 Rxc5 35. Rxc5 Qxc5 36. Bd1 Qc3 37. Qc2 Bb6 38. Kg2 Nb7 39. Ng4 Nc5 40. Nf2 Ke7 41. Rb2 Kd6 42. Qb1 Qe1 43. Re2 Qc3 44. Rc2 Qe1 45. Rc1 Qd2 46. Rc2 Qg5+ 47. Kf1 Qe3 48. Ra2 Kc7 49. Ra8 Bxb3 50. Bxb3 Nxb3 51. Qxb3 Qc1+ 52. Ke2 Qe3+ 53. Kf1 Qc1+ 54. Qd1 Qc3 55. Ra1 Kb7 56. Rc1 Qa3 57. Rb1 Qc3 58. Rb3 Qc5 59. Qb1 Ba5 60. Ke2 Kb6 61. Nh1 Qc8 62. Ng3 Qh8 63. Qh1 Qg8 64. Qd1 Qh8 65. Rb1 Qh2+ 66. Kf3 Qh4 67. Qb3 Qf4+ 68. Kg2 Qd2+ 69. Kh1 Qh6+ 70. Kg1 Qe3+ 71. Kg2 Qd2+ 72. Kf1 Qf4+ 73. Kg2 Qd2+ 1/2-1/2


[Site "https://www.chess.com"]

[Event "Titled Tuesday Blitz July 27 2021"]
[White "Pruijssers, Roeland"]
[Black "Rangel, Daniel"]
[WhiteFideId "1013068"]
[BlackFideId "2124475"]
[WhiteElo "2545"]
[BlackElo "2187"]
[Result "1/2-1/2"]
[Round "08"]
[TimeControl "180+1"]
[Date "2021.07.27"]
[WhiteClock "0:01:01"]
[BlackClock "0:00:19"]

1. f4 g6 2. Nf3 Bg7 3. g3 c5 4. Bg2 e6 5. O-O Ne7 6. e4 O-O 7. Nc3 d6 8. d4 Nbc6 9. Be3 b6 10. d5 exd5 11. exd5 Nf5 12. dxc6 Nxe3 13. Qd2 Nxf1 14. Rxf1 Bg4 15. Nd5 Rc8 16. Re1 Re8 17. c7 Rxe1+ 18. Qxe1 Rxc7 19. Nxc7 Qxc7 20. Qe8+ Bf8 21. Ng5 Qe7 22. Bc6 Qxe8 23. Bxe8 Be6 24. Nxe6 fxe6 25. Kf2 Kg7 26. c4 d5 27. b3 Kf6 28. Bc6 d4 29. Kf3 Bd6 30. Be4 h6 31. h4 e5 32. fxe5+ Bxe5 33. Bd3 g5 34. h5 Bd6 35. Kg4 Ke5 36. Kf3 Be7 37. Kg4 Bd6 38. Kf3 Be7 39. Kg4 Bd6 1/2-1/2


[Site "https://www.chess.com"]

[Event "Titled Tuesday Blitz July 27 2021"]
[White "Quintiliano Pinto, Renato R."]
[Black "Melikhov, Evgeny V."]
[WhiteFideId "2117568"]
[BlackFideId "4122046"]
[WhiteElo "2439"]
[BlackElo "1965"]
[Result "1-0"]
[Round "08"]
[TimeControl "180+1"]
[Date "2021.07.27"]
[WhiteClock "0:00:11"]
[BlackClock "0:00:28"]

1. e4 e5 2. Nf3 Nc6 3. Bc4 Nf6 4. d3 Be7 5. O-O d6 6. a3 O-O 7. Nc3 Be6 8. Nd5 Bxd5 9. exd5 Nd4 10. Nxd4 exd4 11. Re1 Nd7 12. Ba2 Bf6 13. Bd2 Re8 14. c4 a5 15. Bb3 g6 16. Rxe8+ Qxe8 17. Ba4 Qe7 18. Qf1 Nc5 19. Re1 Qf8 20. Bc2 b6 21. g3 Re8 22. b4 Nd7 23. Ba4 Rxe1 24. Qxe1 Ne5 25. Qe2 axb4 26. axb4 Qa8 27. Bc2 Qa2 28. Be1 Qa1 29. Kf1 h5 30. h3 Nd7 31. Qd1 Qb2 32. Ba4 Nf8 33. Qe2 Kg7 34. Qxb2 Be5 35. Qe2 Nh7 36. Bd2 Nf6 37. Bg5 Ng8 38. Bd8 Nh6 39. Kg2 Nf5 40. Bxc7 Kf6 41. Bd8+ Kg7 42. Bxb6 h4 43. g4 Ne7 44. Bd8 Nc8 45. Bd7 Na7 46. Bb6 1-0


[Site "https://www.chess.com"]

[Event "Titled Tuesday Blitz July 27 2021"]
[White "Quparadze, Giga"]
[Black "Andreikin, Dmitry"]
[WhiteFideId "13602250"]
[BlackFideId "4158814"]
[WhiteElo "2658"]
[BlackElo "2782"]
[Result "1-0"]
[Round "08"]
[TimeControl "180+1"]
[Date "2021.07.27"]
[WhiteClock "0:00:32"]
[BlackClock "0:00:04"]

1. e4 e6 2. d4 d5 3. Nd2 dxe4 4. Nxe4 Nd7 5. Bd3 Ngf6 6. Qe2 c5 7. Nxf6+ Nxf6 8. dxc5 Bxc5 9. Nf3 O-O 10. O-O b6 11. Bg5 Bb7 12. Rad1 Qc7 13. Ne5 Rfd8 14. Bf4 Qe7 15. Bg3 Rd5 16. c4 Rd4 17. Nf3 Bxf3 18. Qxf3 Rad8 19. Be5 R4d7 20. Qe2 Bd4 21. Bxd4 Rxd4 22. Bc2 Qb4 23. Bb3 Rd2 24. Rxd2 Rxd2 25. Qe5 h5 26. Qb8+ Qf8 27. Qxa7 Qc5 28. Qa8+ Kh7 29. Qb7 Kg6 30. h3 Rxb2 31. Qf3 h4 32. Rc1 Qd4 33. Bc2+ Kg5 34. Bb3 g6 35. Rf1 Qf4 36. Qc3 Rxf2 37. Rxf2 Qxf2+ 38. Kxf2 Ne4+ 39. Ke3 Nxc3 40. Kd3 Nb1 41. Kc2 Na3+ 42. Kb2 Kf4 43. Kxa3 Kg3 44. Kb2 Kxg2 45. a4 g5 46. c5 g4 47. cxb6 gxh3 48. b7 h2 49. b8=Q h1=Q 50. Qg8+ Kh2 51. Qxf7 h3 52. Qxe6 Qg2+ 53. Ka3 Kg1 54. Bd5 Qg3+ 55. Kb4 h2 56. Qe4 Qd6+ 57. Kb5 Qd7+ 58. Bc6 Qd2 59. Qh1+ Kf2 60. Qxh2+ Kf1 61. Qxd2 1-0


[Site "https://www.chess.com"]

[Event "Titled Tuesday Blitz July 27 2021"]
[White "Rodriguez Hernandez, Luis Daniel"]
[Black "Muradli, Mahammad"]
[WhiteFideId "3506770"]
[BlackFideId "13409301"]
[WhiteElo "2133"]
[BlackElo "2482"]
[Result "0-1"]
[Round "08"]
[TimeControl "180+1"]
[Date "2021.07.27"]
[WhiteClock "0:00:01"]
[BlackClock "0:00:29"]

1. e4 c5 2. c3 Nf6 3. e5 Nd5 4. d4 cxd4 5. Nf3 d6 6. cxd4 Nc6 7. Bc4 Nb6 8. Bb5 Bd7 9. exd6 e6 10. Bf4 Nd5 11. Bxc6 Bxc6 12. Bg3 Bxd6 13. O-O Be7 14. Nc3 O-O 15. Ne5 Rc8 16. Qb3 Nb6 17. Rfd1 Bd5 18. Nxd5 Qxd5 19. Qxd5 Nxd5 20. Rac1 Bg5 21. Rc4 Rxc4 22. Nxc4 Rc8 23. Nd6 Rc2 24. Nxb7 Rxb2 25. Nc5 Rxa2 26. Rb1 h5 27. h4 Bf6 28. Be5 Bxh4 29. g3 Be7 30. Rb8+ Kh7 31. Nd7 f6 32. Bf4 Kg6 33. Rb7 a5 34. Nb8 Nxf4 35. gxf4 Bd6 36. Nc6 Bxf4 37. Nd8 Re2 38. Ra7 h4 39. Rxa5 Bc7 40. Ra8 h3 41. Kf1 h2 42. Kxe2 h1=Q 43. Rc8 Qe4+ 44. Kf1 Bxd8 45. Rxd8 Kf5 46. Rd7 g5 47. Kg1 Qd3 48. Rd8 Kf4 49. Kg2 Qe4+ 50. Kf1 Kf3 51. Kg1 Qe1+ 52. Kh2 Qxf2+ 53. Kh3 Qg2# 0-1


[Site "https://www.chess.com"]

[Event "Titled Tuesday Blitz July 27 2021"]
[White "Sadhwani, Raunak"]
[Black "Zhigalko, Sergei"]
[WhiteFideId "35093487"]
[BlackFideId "13502956"]
[WhiteElo "2514"]
[BlackElo "2662"]
[Result "1-0"]
[Round "08"]
[TimeControl "180+1"]
[Date "2021.07.27"]
[WhiteClock "0:00:07"]
[BlackClock "0:00:01"]

1. b3 e5 2. Bb2 d6 3. c4 Nf6 4. g3 Be7 5. Bg2 O-O 6. d4 exd4 7. Qxd4 Nc6 8. Qd2 Bf5 9. Nc3 Re8 10. Rd1 h6 11. Nh3 Bf8 12. Nf4 Ne4 13. Nxe4 Bxe4 14. O-O Bxg2 15. Kxg2 Qd7 16. Nd5 Ne7 17. Nf4 Rad8 18. e4 c6 19. f3 Ng6 20. Nxg6 fxg6 21. Qd3 Re6 22. Rd2 g5 23. Rfd1 Qe8 24. h3 a6 25. a4 Rd7 26. Qd4 Rf7 27. Ba3 Ref6 28. Rd3 d5 29. e5 dxc4 30. bxc4 Re6 31. Bxf8 Rxf8 32. Re1 Qf7 33. Rde3 Rfe8 34. a5 R8e7 35. Qc3 Rd7 36. Rd3 Rde7 37. Rd8+ Kh7 38. Qd3+ Qg6 39. Qd4 Qf5 40. g4 Qf4 41. Re4 Qf7 42. Qd3 Qg6 43. Qd4 Re8 44. Rd6 R8e7 45. c5 Re8 46. Kg3 R8e7 47. Qe3 Re8 48. h4 gxh4+ 49. Kxh4 Qf7 50. f4 g5+ 51. fxg5 hxg5+ 52. Kg3 Qg7 53. Qd4 Rxe5 54. Rd7 R8e7 55. Rxe5 Rxd7 56. Qe4+ Qg6 57. Rf5 Rg7 58. Qe5 Rf7 59. Qe4 Qf6 60. Rxf6+ 1-0


[Site "https://www.chess.com"]